 Seeded DCSS version 0.32-a0-900-g30fb1b0edc (webtiles) character file.

Game seed: 202404057 (custom seed)

201 Orlauf the Twirler (level 5, -1/42 HPs)
             Began as a Demonspawn Gladiator on Apr 5, 2024.
             Slain by a black bear (5 damage)
             ... on level 4 of the Dungeon.
             The game lasted 00:03:16 (2877 turns).

Orlauf the Twirler (Demonspawn Gladiator)           Turns: 2877, Time: 00:03:17

Health: -1/42      AC:  9    Str: 16      XL:     5   Next: 50%
Magic:  5/5        EV:  6    Int:  9      God:
Gold:   156        SH:  0    Dex: 12 (14) Spells: 4/4 levels left

rFire   . . .        a - +1 quarterstaff
rCold   . . .        (shield currently unavailable)
rNeg    . . .        f - +1 chain mail
rPois   .            (helmet restricted)
rElec   .            (no cloak)
rCorr   .            (no gloves)
SInv    .            (no boots)
Will    .....        (no amulet) Stlth
                     (no ring)
HPRegen 0.27/turn    (no ring)
MPRegen 0.18/turn

%: no passive effects
@: no status effects
A: antennae 1, claws 1, hooves 1, magic regeneration
a: no special abilities


You were on level 4 of the Dungeon.
You visited 1 branch of the dungeon, and saw 4 of its levels.

You collected 156 gold pieces.

Inventory:

Hand Weapons
 a - a +1 quarterstaff (weapon)
Missiles
 e - a javelin
 j - 4 poisoned darts
Armour
 f - a +1 chain mail (worn)
Jewellery
 o - a ring of fire
Scrolls
 g - a scroll of enchant armour
 h - 3 scrolls of teleportation
 i - a scroll of blinking
 n - a scroll of immolation
Potions
 b - a potion of attraction
 c - a potion of might
 k - a potion of haste
 l - a potion of enlightenment {unknown}
 m - a potion of curing


   Skills:
 + Level 3.6 Fighting
 * Level 4.9 Staves
 - Level 1.7 Throwing
 - Level 2.6 Dodging


You had 4 spell levels left.
You didn't know any spells.
Your spell library contained the following spells:

 Spells                   Type           Power      Damage    Failure   Level
 Sublimation of Blood     Necr           0%         N/A       100%        2
 Petrify                  Alch/Erth      0%         N/A       100%        4
 Irradiate                Conj/Alch      0%         3d11      100%        5


Dungeon Overview and Level Annotations

Branches:
Dungeon (4/15)
 Temple: D:4-7

Altars:
Wu Jian

Shops:
D:1 [   D:4 :


Innate Abilities, Weirdness & Mutations

You have a pair of small antennae on your head.
You have sharp fingernails.
You have large cloven feet.
You regenerate magic rapidly.


Message History

You kick the black bear, but do no damage.
The black bear is heavily wounded.
The black bear bites you. The black bear claws you.
The black bear claws you but does no damage.
You are too injured to fight recklessly!
You are too injured to fight recklessly!
You are too injured to fight recklessly!
You are too injured to fight recklessly!
You are too injured to fight recklessly!
You are too injured to fight recklessly!
You are too injured to fight recklessly!
You are too injured to fight recklessly!
You are too injured to fight recklessly!
You are too injured to fight recklessly!
You are too injured to fight recklessly!
You are too injured to fight recklessly!
You are too injured to fight recklessly!
You are too injured to fight recklessly!
You sock the black bear!
The black bear is almost dead.
The black bear goes berserk!
You barely miss the black bear.
The black bear is almost dead.
The black bear bites you.
The black bear claws you but does no damage.
The black bear claws you.
You closely miss the black bear.
The black bear is almost dead.
The black bear barely misses you.
The black bear claws you but does no damage. x2
The black bear bites you.
* * * LOW HITPOINT WARNING * * *
The black bear claws you but does no damage. x2
You closely miss the black bear. Your kick misses the black bear.
The black bear is almost dead.
The black bear completely misses you. The black bear claws you.
* * * LOW HITPOINT WARNING * * *
The black bear claws you but does no damage.
The black bear bites you.
You die...

#....#...#.. #....#...'..
#...#.. #...#..
########## #...#..
#......(.# ##+###..
#........# #.......
#....h..# #....... ...
#...@...##...#.......
[...###'######...+.......
.............#...#.......
.............#...#...)...
.............#...#.......
.............#...#.......
.............+...#.....##
.............##'##.....#
######.................#


You could see a black bear (berserk).

Vanquished Creatures
  An ogre (D:3)
  A bombardier beetle (D:2)
  An adder (D:2)
  A gnoll (D:1)
  3 dart slugs (D:1)
  5 orcs (D:2)
  4 ball pythons
  5 endoplasms
  6 goblins
  4 hobgoblins
  4 kobolds
  5 quokkas
  5 bats
  4 frilled lizards
  8 rats
57 creatures vanquished.

Notes
Turn   | Place    | Note
-------+----------+-------------------------------------------
     0 | D:1      | Orlauf the Demonspawn Gladiator began the quest for the
                  | Orb.
     0 | D:1      | Reached XP level 1. HP: 16/16 MP: 1/1
   169 | D:1      | Reached skill level 3 in Staves
   170 | D:1      | Discovered your monstrous ancestry.
   170 | D:1      | Gained mutation: You have a pair of small antennae on your
                  | head. [demonic ancestry]
   170 | D:1      | Reached XP level 2. HP: 18/22 MP: 2/2
   357 | D:1      | Found Fity's Antique Armour Boutique.
   657 | D:1      | Gained mutation: You have large cloven feet. [demonic
                  | ancestry]
   657 | D:1      | Reached XP level 3. HP: 21/28 MP: 3/3
  1502 | D:2      | Reached skill level 4 in Staves
  1502 | D:2      | Gained mutation: You regenerate magic rapidly. [demonic
                  | ancestry]
  1502 | D:2      | Reached XP level 4. HP: 31/34 MP: 4/4
  2248 | D:3      | Noticed an ogre
  2254 | D:3      | Killed an ogre
  2255 | D:3      | Gained mutation: You have sharp fingernails. [demonic
                  | ancestry]
  2255 | D:3      | Reached XP level 5. HP: 42/42 MP: 5/5
  2286 | D:3      | Found an ornate altar of the Wu Jian Council.
  2717 | D:4      | Found Paduc's Book Shoppe.
  2867 | D:4      | Noticed a black bear
  2877 | D:4      | Slain by a black bear

Illustrated notes

Levels and vault maps discovered:
D:1:      elethiomel_arrival_shortcut, layout_basic, serial_shops, shop,
          minmay_domino_2
D:2:      layout_basic
D:3:      layout_basic, nicolae_overflow_hidden_temple,
          mainiacjoe_overflow_surrounded_room
D:4:      minmay_chambers_of_twos, layout_gridville, temple_statues,
          serial_shops, shop, nicolae_shop_self_help, uniq_eustachio

Skill      XL: |  1  2  3  4 |
---------------+-------------+-----
Staves         | 3 4 |  4.9
Fighting       | 3 |  3.6
Throwing       | |  1.7
Dodging        | |  2.6

Action                     |  1- 3 |  4- 6 || total
---------------------------+-------+-------++-------
  Melee: Quarterstaff      |   106 |    49 ||   155
         Kick              |    10 |    10 ||    20
  Throw: Throwing net      |       |     3 ||     3
    Use: Potion            |     3 |       ||     3
         Scroll            |       |     9 ||     9
 Armour: Leather armour    |    41 |       ||    41
         Skin              |    32 |       ||    32
         Chain mail        |    16 |    45 ||    61
  Dodge: Dodged            |    54 |    12 ||    66

Table legend: (Time is in decaauts)
 A = Elapsed time spent in this place.
 B = Non-inter-level travel time spent in this place.
 C = Inter-level travel time spent in this place.
 D = Time resting spent in this place.
 E = Time spent auto-exploring this place.
 F = Levels seen in this place.
 G = Mean time per level.
                   A        B        C        D        E       F      G
               +--------+--------+--------+--------+--------+-----+--------+
         Total |   2873 |   2764 |    109 |     94 |   2240 |   4 |  718.2 |
       Dungeon |   2873 |   2764 |    109 |     94 |   2240 |   4 |  718.2 |
               +--------+--------+--------+--------+--------+-----+--------+

Top non-repeatable levels by time:
     D:1: 1121 daAuts
     D:2: 857 daAuts
     D:3: 734 daAuts
     D:4: 160 daAuts
